 Dungeon Crawl Stone Soup version 0.26-a0-1040-gbe3abf3417 (webtiles) character file.

Game seed: 8304397244162491827

71 tilp the Ruffian (level 4, -2/42 HPs)
             Began as an Ogre Transmuter on Dec 11, 2020.
             Slain by a gnoll
             ... wielding a +0 spear
              (3 damage)
             ... on level 2 of the Dungeon.
             The game lasted 00:04:18 (1852 turns).

tilp the Ruffian (Ogre Transmuter)                  Turns: 1852, Time: 00:04:19

Health: -2/42      AC:  3    Str: 14    XL:     4   Next: 24%
Magic:  5/7        EV: 10    Int: 15    God:
Gold:   111        SH:  5    Dex:  9    Spells: 4/7 levels left

rFire    . . .     SeeInvis .     - Unarmed
rCold    . . .     Faith    .   (no shield)
rNeg     . . .     Spirit   .   a - +0 robe
rPois    .         Reflect  +   (helmet currently unavailable)
rElec    .         Harm     .   (no cloak)
rCorr    .         Rampage  .   (gloves unavailable)
Will     .....                  (boots unavailable)
Stlth    +.........             f - amulet of reflection
HPRegen  0.14/turn              (no ring)
MPRegen  0.10/turn              (no ring)

@: appendages (expiring), wereblooded
A: large, unfitting armour, horns 2, talons 2, tough skin 1
a: End Transformation


You were on level 2 of the Dungeon.
You had grown temporary horns.
You had grown temporary talons.
You visited 1 branch of the dungeon, and saw 2 of its levels.

You collected 111 gold pieces.

Inventory:

Missiles
 b - 56 stones (quivered)
 c - 5 large rocks
 h - 6 curare-tipped darts
Armour
 a - a +0 robe (worn)
Jewellery
 f - an amulet of reflection (around neck)
Scrolls
 d - a scroll of enchant armour {unknown}
 e - a scroll of identify
 g - 2 scrolls of remove curse {unknown}
 i - a scroll of random uselessness {unknown}
 k - a scroll of noise {unknown}
Potions
 j - a potion of brilliance {unknown}


   Skills:
 - Level 2.0 Fighting
 - Level 2.0 Dodging
 + Level 3.5 Unarmed Combat
 - Level 2.4 Spellcasting
 + Level 2.9 Transmutations


You had 4 spell levels left.
You knew the following spells:

 Your Spells              Type           Power        Failure   Level
a - Beastly Appendage     Tmut           ##....       6%          1
b - Wereblood             Tmut           ##......     10%         2

Your spell library contained the following spells:

 Spells                   Type           Power        Failure   Level
 Spider Form              Tmut/Pois      #.........   34%         3
 Ice Form                 Ice/Tmut       #.......     75%         4
 Blade Hands              Tmut           ##........   87%         5


Dungeon Overview and Level Annotations

Branches:
Dungeon (2/15)

Altars:
Elyvilon
Vehumet
Xom


Innate Abilities, Weirdness & Mutations

You are too large for most types of armour.
You have tough skin. (AC +1)
You have a pair of horns on your head.
You have razor-sharp toenails.


Message History

The gnoll is heavily wounded.
The gnoll hits you from afar with a +0 spear.
You hit the gnoll.
The gnoll is almost dead.
You howl as the wereblood boils in your veins!
The gnoll completely misses you.
The gnoll hits you from afar with a +0 spear.
* * * LOW HITPOINT WARNING * * *
You hit the gnoll but do no damage.
The gnoll is almost dead.
The gnoll hits you with a +0 spear.
* * * LOW HITPOINT WARNING * * *
The gnoll hits you from afar with a +0 spear!
* * * LOW HITPOINT WARNING * * *
You barely miss the gnoll. Your kick misses the gnoll.
The gnoll is almost dead.
The gnoll hits you with a +0 spear.
* * * LOW HITPOINT WARNING * * *
The gnoll hits you from afar with a +0 spear.
You die...

############## #.......##
............. ..........
........>... ........†...
..........# #<#.#####<#.
...(......# ...>##......
........($# ............
..gw.....(# ...###.....#
########g######...........+
#bg@....#.#.##.....#
#######.# #...#<.... #.#
###.#.#### #.# #.#.. #.#.
#.#.#### #.#.###.#.....
#.#..........# #.#
#......... #.# #.........


You could see 2 gnolls and a bat.

Vanquished Creatures
  An adder (D:2)
  A gnoll (D:2)
  2 dart slugs
  A leopard gecko (D:1)
  3 bats
  2 giant cockroaches (D:1)
  4 goblins
  3 hobgoblins
  12 jackals
  5 kobolds
  A frilled lizard (D:1)
  7 rats
42 creatures vanquished.

Notes
Turn   | Place    | Note
-------+----------+-------------------------------------------
     0 | D:1      | tilp the Ogre Transmuter began the quest for the Orb.
     0 | D:1      | Reached XP level 1. HP: 19/19 MP: 3/3
   314 | D:1      | Reached XP level 2. HP: 27/28 MP: 3/5
   569 | D:1      | Learned a level 2 spell: Wereblood
   699 | D:1      | Reached skill level 3 in Unarmed Combat
   878 | D:1      | Reached XP level 3. HP: 24/35 MP: 1/6
  1471 | D:2      | Found a shimmering altar of Xom.
  1471 | D:2      | Found a radiant altar of Vehumet.
  1472 | D:2      | Found a white marble altar of Elyvilon.
  1724 | D:2      | Reached XP level 4. HP: 40/42 MP: 4/7
  1852 | D:2      | HP: 1/42 [gnoll/+0 spear (5)]
  1852 | D:2      | Slain by a gnoll

Illustrated notes

Levels and vault maps discovered:
D:1:      elethiomel_arrival_quiet, layout_rooms
D:2:      layout_basic, gammafunk_temple_overflow_claw

Skill      XL: |  1  2 |
---------------+-------+-----
Dodging        | 2 |  2.0
Transmutations | 2 |  2.9
Fighting       | 2 |  2.0
Unarmed Combat | 3 |  3.5
Spellcasting   | |  2.4

Action                   |  1- 3 |  4- 6 || total
-------------------------+-------+-------++-------
Melee: Unarmed           |   143 |    18 ||   161
       Headbutt          |     9 |     1 ||    10
       Kick              |    10 |     1 ||    11
       Punch             |     2 |       ||     2
Throw: Stone             |    31 |     7 ||    38
 Cast: Beastly Appendage |    19 |     4 ||    23
       Wereblood         |     4 |     1 ||     5
  Use: Scroll            |     2 |       ||     2
       Potion            |     1 |       ||     1
Armor: Robe              |    50 |     6 ||    56
Dodge: Dodged            |    87 |    16 ||   103
Block: Other             |    17 |     4 ||    21

Table legend: (Time is in decaauts)
 A = Elapsed time spent in this place.
 B = Non-inter-level travel time spent in this place.
 C = Inter-level travel time spent in this place.
 D = Time resting spent in this place.
 E = Time spent auto-exploring this place.
 F = Levels seen in this place.
 G = Mean time per level.
                   A        B        C        D        E       F      G
               +--------+--------+--------+--------+--------+-----+--------+
         Total |   1846 |   1806 |     40 |    480 |    940 |   2 |  923.0 |
       Dungeon |   1846 |   1806 |     40 |    480 |    940 |   2 |  923.0 |
               +--------+--------+--------+--------+--------+-----+--------+

Top non-repeatable levels by time:
     D:1: 1306 daAuts
     D:2: 540 daAuts
